 Dungeon Crawl Stone Soup version 0.26-a0-852-g6321bf7485 (webtiles) character file.

Game seed: 16213493016931098751

139 tatocazan the Skirmisher (level 5, 0/43 HPs)
             Began as a Gnoll Wanderer on Nov 21, 2020.
             Slain by an ogre
             ... wielding a +0 giant club
              (9 damage)
             ... on level 4 of the Dungeon.
             The game lasted 00:03:23 (4140 turns).

tatocazan the Skirmisher (Gnoll Wanderer)           Turns: 4140, Time: 00:03:25

Health: 0/43       AC:  5    Str: 16    XL:     5   Next: 22%
Magic:  9/9        EV:  9    Int: 15    God:
Gold:   238        SH:  9    Dex: 13    Spells: 10/10 levels left

rFire    + + .     SeeInvis .   a - +0 spear
rCold    x . .     Faith    .   b - +0 kite shield
rNeg     . . .     Spirit   .   k - +0 ring mail
rPois    .         Reflect  .   (no helmet)
rElec    .         Harm     .   (no cloak)
rCorr    .         Rampage  .   (no gloves)
MR       .....                  (no boots)
Stlth    ++........             (no amulet)
HPRegen  0.14/turn              n - ring of fire
MPRegen  0.11/turn              q - ring of protection from fire

@: no status effects
A: distributed training, fangs 1, strong nose
a: no special abilities


You were on level 4 of the Dungeon.
You visited 1 branch of the dungeon, and saw 4 of its levels.

You collected 238 gold pieces.

Inventory:

Hand Weapons
 a - a +0 spear (weapon)
 e - a +0 dagger
Missiles
 p - 2 javelins (quivered)
Armour
 b - a +0 kite shield (worn)
 d - a +0 robe
 k - a +0 ring mail (worn)
Jewellery
 n - a ring of fire (left hand)
 q - a ring of protection from fire (right hand)
Scrolls
 f - 7 scrolls of identify {unknown}
 g - 4 scrolls of remove curse {unknown}
 h - a scroll of amnesia {unknown}
 l - a scroll of noise {unknown}
 m - a scroll of magic mapping {unknown}
 o - 5 scrolls of enchant weapon {unknown}
 s - a scroll of teleportation {unknown}
 u - a scroll of fear {unknown}
 w - a scroll of blinking {unknown}
 x - a scroll of enchant armour {unknown}
Potions
 c - 3 potions of curing
 i - 2 potions of heal wounds
 j - 2 potions of haste {unknown}
 r - 3 potions of might {unknown}
 t - 2 potions of attraction {unknown}
 v - 2 potions of flight {unknown}


   Skills:
 + Level 4.7 Fighting
 + Level 1.4 Short Blades
 + Level 1.4 Long Blades
 + Level 1.4 Axes
 + Level 1.4 Maces & Flails
 + Level 1.4 Polearms
 + Level 1.4 Staves
 + Level 1.4 Slings
 + Level 1.4 Bows
 + Level 1.4 Crossbows
 + Level 2.9 Throwing
 + Level 1.4 Armour
 + Level 2.9 Dodging
 + Level 4.3 Stealth
 + Level 2.9 Shields
 + Level 1.4 Unarmed Combat
 + Level 3.1 Spellcasting
 + Level 1.1 Conjurations
 + Level 1.1 Hexes
 + Level 3.9 Summonings
 + Level 1.1 Necromancy
 + Level 1.1 Translocations
 + Level 1.1 Transmutations
 + Level 1.1 Fire Magic
 + Level 1.1 Ice Magic
 + Level 1.1 Air Magic
 + Level 1.1 Earth Magic
 + Level 1.1 Poison Magic
 + Level 1.5 Invocations
 + Level 1.4 Evocations


You had 10 spell levels left.
You didn't know any spells.
Your spell library contained the following spells:

 Spells                   Type           Power        Failure   Level
 Summon Small Mammal      Summ           ##..         34%         1
 Call Imp                 Summ           ##......     47%         2
 Call Canine Familiar     Summ           ##......     71%         3
 Corona                   Hex            #......      73%         1
 Ensorcelled Hibernation  Hex/Ice        #.....       86%         2
 Summon Guardian Golem    Hex/Summ       #.......     88%         3
 Confusing Touch          Hex            #.......     97%         3
 Dazzling Flash           Conj/Hex       #.....       97%         3
 Tukima's Dance           Hex            #.......     97%         3
 Summon Ice Beast         Ice/Summ       #.......     99%         4
 Summon Lightning Spire   Summ/Air       #.......     99%         4


Dungeon Overview and Level Annotations

Branches:
Dungeon (4/15)
 Temple: D:4-7

Altars:
Elyvilon
Qazlal
Ru


Innate Abilities, Weirdness & Mutations

Your experience applies equally to all skills.
You have very sharp teeth.
Your uncanny sense of smell can sniff out nearby items.


Message History

You throw a javelin. The javelin pierces through the ogre!
The ogre is severely wounded.
The ogre hits you with a +0 giant club!!
Ouch! That really hurt!
You hit the ogre.
The ogre is severely wounded.
You hit the ogre.
The ogre is almost dead.
You block the ogre's attack.
You completely miss the ogre.
The ogre is almost dead.
You block the ogre's attack.
You hit the ogre.
The ogre is almost dead.
The ogre hits you with a +0 giant club!
* * * LOW HITPOINT WARNING * * *
You hit the ogre.
The ogre is almost dead.
The ogre hits you with a +0 giant club!
You die...

#. .### #.#
#...# #.#.....
#.# #####
#.#..#.###.#
#.#........#
###.#.#......#
#.....#.....(#
#.....#......#
#.....#.......
###'#.@O.(#
#(#####.# #.#
##########.#
#.......##.#####
#..............#
#..............#
####
#####..........#
#...
#..........#
#.##


You could see an ogre.

Vanquished Creatures
  A hound skeleton (D:4)
  5 adders
  A worm (D:2)
  3 dart slugs
  A leopard gecko (D:3)
  9 bats
  5 giant cockroaches
  12 hobgoblins
  3 jackals (D:1)
  2 quokkas (D:2)
  2 ball pythons (D:3)
  6 frilled lizards
  6 goblins
  4 kobolds (D:2)
  12 rats
72 creatures vanquished.

Notes
Turn   | Place    | Note
-------+----------+-------------------------------------------
     0 | D:1      | tatocazan the Gnoll Wanderer began the quest for the Orb.
     0 | D:1      | tatocazan set off with the following items: a +0 spear, a
                  | +0 kite shield, a potion of curing, a +0 robe, a +0 dagger
     0 | D:1      | Reached XP level 1. HP: 20/20 MP: 4/4
   224 | D:1      | Reached XP level 2. HP: 10/26 MP: 5/5
   233 | D:1      | HP: 1/26 [giant cockroach (1)]
  1337 | D:1      | Reached XP level 3. HP: 31/31 MP: 7/7
  1784 | D:2      | Reached skill level 1 in Invocations
  2110 | D:2      | Reached skill level 1 in Short Blades
  2110 | D:2      | Reached skill level 1 in Long Blades
  2110 | D:2      | Reached skill level 1 in Axes
  2110 | D:2      | Reached skill level 1 in Maces & Flails
  2110 | D:2      | Reached skill level 1 in Polearms
  2110 | D:2      | Reached skill level 1 in Staves
  2110 | D:2      | Reached skill level 1 in Slings
  2110 | D:2      | Reached skill level 1 in Bows
  2110 | D:2      | Reached skill level 1 in Crossbows
  2110 | D:2      | Reached skill level 1 in Armour
  2110 | D:2      | Reached skill level 1 in Unarmed Combat
  2110 | D:2      | Reached skill level 1 in Evocations
  2179 | D:2      | Reached XP level 4. HP: 32/38 MP: 8/8
  2753 | D:2      | Found a white marble altar of Elyvilon.
  2759 | D:2      | Reached skill level 1 in Conjurations
  2759 | D:2      | Reached skill level 1 in Hexes
  2759 | D:2      | Reached skill level 1 in Necromancy
  2759 | D:2      | Reached skill level 1 in Translocations
  2759 | D:2      | Reached skill level 1 in Transmutations
  2759 | D:2      | Reached skill level 1 in Fire Magic
  2759 | D:2      | Reached skill level 1 in Ice Magic
  2759 | D:2      | Reached skill level 1 in Air Magic
  2759 | D:2      | Reached skill level 1 in Earth Magic
  2759 | D:2      | Reached skill level 1 in Poison Magic
  3039 | D:3      | Found a sacrificial altar of Ru.
  3705 | D:4      | Found a stormy altar of Qazlal.
  3891 | D:4      | Reached XP level 5. HP: 36/43 MP: 9/9
  4131 | D:4      | Noticed an ogre
  4140 | D:4      | Slain by an ogre

Illustrated notes

Levels and vault maps discovered:
D:1:      minmay_arrival_up_and_down, layout_loops_ring, serial_aquarium,
          aquarium_bridge_square [aquarium_subvault_bridge,
          aquarium_subvault_bridge, aquarium_subvault_bridge,
          aquarium_subvault_bridge], aquarium_window_corner,
          aquarium_window_fake, aquarium_window_corner, aquarium_view_2e,
          aquarium_view_2c, aquarium_balcony_1b, aquarium_pool_2
D:2:      layout_loops_corners, lemuel_round_altar, feat_on_display
D:3:      minmay_spotlight, layout_loops_ring,
          nicolae_ru_great_annihilating_truth
D:4:      layout_basic, kennysheep_little_box

Skill      XL: |  1  2  3  4 |
---------------+-------------+-----
Invocations    | 1 |  1.5
Short Blades   | 1 |  1.4
Long Blades    | 1 |  1.4
Axes           | 1 |  1.4
Maces & Flails | 1 |  1.4
Polearms       | 1 |  1.4
Staves         | 1 |  1.4
Slings         | 1 |  1.4
Bows           | 1 |  1.4
Crossbows      | 1 |  1.4
Armour         | 1 |  1.4
Unarmed Combat | 1 |  1.4
Evocations     | 1 |  1.4
Spellcasting   | 3 |  3.1
Conjurations   | 1 |  1.1
Hexes          | 1 |  1.1
Necromancy     | 1 |  1.1
Translocations | 1 |  1.1
Transmutations | 1 |  1.1
Fire Magic     | 1 |  1.1
Ice Magic      | 1 |  1.1
Air Magic      | 1 |  1.1
Earth Magic    | 1 |  1.1
Poison Magic   | 1 |  1.1
Fighting       | |  4.7
Throwing       | |  2.9
Dodging        | |  2.9
Stealth        | |  4.3
Shields        | |  2.9
Summonings     | |  3.9

Action                   |  1- 3 |  4- 6 || total
-------------------------+-------+-------++-------
Melee: Spear             |   156 |   134 ||   290
       Bite              |     7 |    16 ||    23
Throw: Javelin           |       |     3 ||     3
 Stab: Sleeping          |     7 |    11 ||    18
       Paralysed         |       |     2 ||     2
Armor: Robe              |    10 |       ||    10
       Ring mail         |    33 |    23 ||    56
Dodge: Dodged            |    57 |    30 ||    87
Block: Kite shield       |    83 |    42 ||   125

Table legend: (Time is in decaauts)
 A = Elapsed time spent in this place.
 B = Non-inter-level travel time spent in this place.
 C = Inter-level travel time spent in this place.
 D = Time resting spent in this place.
 E = Time spent auto-exploring this place.
 F = Levels seen in this place.
 G = Mean time per level.
                   A        B        C        D        E       F      G
               +--------+--------+--------+--------+--------+-----+--------+
         Total |   4180 |   4095 |     85 |   1199 |   2321 |   4 | 1045.0 |
       Dungeon |   4180 |   4095 |     85 |   1199 |   2321 |   4 | 1045.0 |
               +--------+--------+--------+--------+--------+-----+--------+

Top non-repeatable levels by time:
     D:1: 1778 daAuts
     D:2: 1196 daAuts
     D:3: 753 daAuts
     D:4: 452 daAuts
